 Dungeon Crawl Stone Soup version 0.29.0-4-gdea44cf6ec (webtiles) character file.

Game seed: 2701463696237321750

406 tizbic2 the Conjurer (level 6, -3/43 HPs)
             Began as a Demigod Conjurer on Aug 27, 2022.
             Killed from afar by Dowan (20 damage)
             ... with a shard of ice
             ... on level 4 of the Dungeon.
             The game lasted 00:17:37 (2857 turns).

tizbic2 the Conjurer (Demigod Conjurer)             Turns: 2857, Time: 00:17:38

Health: -3/43      AC: 11    Str: 11    XL:     6   Next: 30%
Magic:  13/13      EV: 11    Int: 27    God:
Gold:   166        SH:  0    Dex: 17    Spells: 8/11 levels left

rFire   + . .      SeeInvis .   y - +8 autumn katana {vorpal, manifold assault}
rCold   . . .      Faith    .   j - orb {*Rage}
rNeg    . . .      Spirit   .   e - +0 ring mail
rPois   .          Reflect  .   o - +1 helmet of the Ladybird {Dex+3 Stlth+}
rElec   .          Harm     .   s - +0 cloak
rCorr   .          Rampage  .   x - +2 pair of gloves
Will    +....      Rage     20% (no boots)
Stlth   +++.......              (no amulet)
HPRegen 0.14/turn               l - ring of protection from fire
MPRegen 0.13/turn               (no ring)

@: no status effects
A: high MP 1, forlorn, divine attributes, clever 1, frail 1, strong-willed 1,
strong 1
a: no special abilities


You were on level 4 of the Dungeon.
You visited 1 branch of the dungeon, and saw 4 of its levels.

You collected 166 gold pieces.

Inventory:

Hand Weapons
 a - a +0 trident of pain
 w - a +1 dagger of holy wrath
 y - the +8 autumn katana (weapon) {vorpal, manifold assault}
   (You found it on level 4 of the Dungeon)

   It sometimes launches melee attacks against multiple visible enemies.
Missiles
 g - 4 boomerangs (quivered)
 k - 4 poisoned darts
Armour
 e - a +0 ring mail (worn)
 j - an orb of wrath (worn)
 o - the +1 helmet of the Ladybird (worn) {Dex+3 Stlth+}
   (You found it on level 2 of the Dungeon)

   Dex:       It affects your dexterity (+3).
   Stlth:     It makes you more stealthy.
 q - a +0 robe of willpower
 s - a +0 cloak (worn)
 x - a +2 pair of gloves (worn)
 z - a +0 leather armour
Jewellery
 l - a ring of protection from fire (left hand)
Wands
 d - a wand of flame (14)
Scrolls
 c - 2 scrolls of immolation
 h - 2 scrolls of teleportation
 n - a scroll of fear
 r - a scroll of enchant weapon {unknown}
 t - a scroll of identify
 v - a scroll of enchant armour {unknown}
Potions
 b - a potion of magic
 f - 3 potions of mutation
 i - a potion of might {unknown}
 m - 2 potions of curing
 u - a potion of haste {unknown}


   Skills:
 + Level 2.1 Fighting
 - Level 2.0(2.1) Short Blades
 * Level 0.7(1.5) Long Blades
 * Level 0.7 Armour
 - Level 2.0 Dodging
 - Level 3.0 Stealth
 - Level 0.5 Unarmed Combat
 * Level 3.1 Spellcasting
 + Level 4.4 Conjurations
 * Level 0.8 Necromancy


You had 8 spell levels left.
You knew the following spells:

 Your Spells              Type           Power      Damage    Failure   Level
a - Magic Dart            Conj           100%       1d8       3%          1
b - Searing Ray           Conj           56%        2d6       4%          2

Your spell library contained the following spells:

 Spells                   Type           Power      Damage    Failure   Level
 Dazzling Flash           Conj/Hex       32%        N/A       26%         3
 Fulminant Prism          Conj/Hex       8%         3d7       63%         4
 Iskenderun's Mystic Bla  Conj/Tloc      16%        2d5       63%         4


Dungeon Overview and Level Annotations

Branches:
Dungeon (4/15)
 Temple: D:4-7

Shops:
D:2 [   D:4 (

Annotations:
D:4 Dowan


Innate Abilities, Weirdness & Mutations

You have an increased reservoir of magic. (+10% MP)
You shall have no god before yourself.
Your divine heritage dramatically boosts your attributes as you level up.
Your mind is acute. (Int +4, Str/Dex -1)
You are frail. (-10% HP)
You are strong-willed. (Will+)
Your muscles are strong. (Str +4, Int/Dex -1)


Message History

Dowan says, "Where the sword fails, magic succeeds!"
Dowan hits you but does no damage.
You slash Duvessa!
Duvessa is severely wounded.
Duvessa drinks a potion.
Duvessa is healed!
Dowan hits you but does no damage.
You slash Duvessa!
Duvessa is severely wounded.
Duvessa hits you but does no damage. Dowan hits you with a +0 dagger.
Dowan barely misses you. Duvessa hits you with a +0 short sword.
You slash Duvessa!
You slice through the folds of space itself!
You closely miss Dowan.
Duvessa is almost dead.
Duvessa hits you with a +0 short sword. Dowan gestures at you while chanting.
The puff of frost hits you!
You hit Duvessa but do no damage.
Duvessa is almost dead.
Duvessa misses you. Dowan hits you but does no damage.
You slash Dowan!
Dowan is heavily wounded.
Duvessa hits you but does no damage. Dowan completely misses you.
You hit Duvessa.
You kill Duvessa!
Dowan screams, "No!
No!"
Dowan seems to find hidden reserves of power!
Dowan closely misses you.
Dowan mumbles some strange words.
Dowan blinks!
Your Fighting skill increases to level 2!
You have reached level 6!
Your experience leads to a dramatic increase in your attributes!
Your base attributes are Str 8, Int 24, Dex 12.
Increase (S)trength, (I)ntelligence, or (D)exterity?
You feel agile. x4
Dowan casts a spell at you. The stone arrow misses you.
Dowan points at you and mumbles some strange words.
The shard of ice hits you!!
You die...

...# #.# #......
##.# #.# #......
...# #.# #.....
#..#############.!#
...............†.#
.................#
.................#
#).#############e#
...# #.# #@# #.##
#.# #.# ..# #.# #.#
### #.# #.# #.# #)#
#.# #.# ..# ###


You could see Dowan (fast).

Vanquished Creatures
  Sigmund (D:3)
  Duvessa (D:4)
  Crazy Yiuf (D:3)
  Terence (D:3)
  3 adders
  A worm (D:3)
  A dart slug (D:1)
  3 ball pythons
  5 bats
  4 endoplasms
  A giant cockroach (D:3)
  7 goblins
  6 hobgoblins
  3 jackals (D:4)
  A quokka (D:1)
  2 frilled lizards (D:1)
  6 kobolds
  10 rats
57 creatures vanquished.

Notes
Turn   | Place    | Note
-------+----------+-------------------------------------------
     0 | D:1      | tizbic2 the Demigod Conjurer began the quest for the Orb.
     0 | D:1      | Reached XP level 1. HP: 14/14 MP: 5/5
   249 | D:1      | Reached XP level 2. HP: 21/22 MP: 2/7
   358 | D:1      | Learned a level 2 spell: Searing Ray
   498 | D:1      | Reached skill level 1 in Fighting
   816 | D:2      | Gained mutation: You are strong-willed. (Will+) [potion of
                  | mutation]
   816 | D:2      | Gained mutation: Your muscles are strong. (Str +4, Int/Dex
                  | -1) [potion of mutation]
   816 | D:2      | Gained mutation: You are frail. (-10% HP) [potion of
                  | mutation]
   816 | D:2      | Gained mutation: Your mind is acute. (Int +4, Str/Dex -1)
                  | [potion of mutation]
   831 | D:2      | Found Heuhuh's Antique Armour Boutique.
   981 | D:2      | Reached XP level 3. HP: 25/25 MP: 3/8
  1030 | D:2      | Reached skill level 4 in Conjurations
  1626 | D:2      | Identified the +1 helmet of the Ladybird {Dex+3 Stlth+}
  2052 | D:3      | Noticed Sigmund
  2066 | D:3      | Killed Sigmund
  2067 | D:3      | Reached skill level 1 in Short Blades
  2067 | D:3      | Reached XP level 4. HP: 30/32 MP: 1/11
  2067 | D:3      | Reached XP level 5. HP: 34/36 MP: 1/12
  2144 | D:3      | Found a runed translucent door.
  2145 | D:3      | Noticed Crazy Yiuf
  2153 | D:3      | Killed Crazy Yiuf
  2336 | D:3      | Noticed Terence
  2348 | D:3      | Killed Terence
  2623 | D:4      | Found Bahasiq's Weapon Shoppe.
  2699 | D:4      | Found the +8 autumn katana {vorpal, manifold assault}
  2840 | D:4      | Noticed Duvessa
  2841 | D:4      | Noticed Dowan
  2854 | D:4      | Killed Duvessa
  2855 | D:4      | Reached XP level 6. HP: 16/43 MP: 13/13
  2857 | D:4      | Killed from afar by Dowan

Illustrated notes

Levels and vault maps discovered:
D:1:      minmay_arrival_stair_chambers, layout_loops_ring,
          hellmonk_ecumenical_altar_blasted, minmay_tiny_reverse_x
D:2:      layout_loops_corners, serial_shops, shop
D:3:      layout_rooms, vehumet_altar_wand_db, mainiacjoe_overflow_catwalk,
          uniq_sigmund, uniq_terence, uniq_crazy_yiuf_cottage
D:4:      layout_rooms, zin_statuary, lemuel_round_altar, fedhas_altar_2,
          nicolae_sif_muna_condensation, serial_shops,
          nicolae_shop_advertising_works [nicolae_subvault_shop_adworks],
          serial_co_window_serial, co_window_corner_a,
          co_window_of_opportunity_a, co_window_paths_b,
          co_window_of_opportunity_a, co_window_paths_a,
          co_window_of_opportunity_c, co_window_unsneaky_path_a,
          co_window_unsneaky_path_b, co_window_broadway_b, co_window_2corner,
          co_window_corner_cb, glass_columns_a, glass_columns_a,
          glass_columns_b, glass_columns_c, kennysheep_generic_room_5,
          uniq_duvessa

Skill      XL: |  1  2  3  4  5 |
---------------+----------------+-----
Spellcasting   | 2 3 |  3.1
Dodging        | 2 |  2.0
Fighting       | 1 2 |  2.1
Conjurations   | 4 |  4.4
Stealth        | 2 3 |  3.0
Short Blades   | 1 2 |  2.0
Long Blades    | |  0.7
Armour         | |  0.7
Unarmed Combat | |  0.5
Necromancy     | |  0.8

Action                   |  1- 3 |  4- 6 || total
-------------------------+-------+-------++-------
Melee: Dagger            |    47 |     9 ||    56
       Quarterstaff      |    10 |       ||    10
       Katana            |       |    16 ||    16
       Trident           |       |     7 ||     7
Throw: Stone             |     3 |       ||     3
       Boomerang         |       |     1 ||     1
 Cast: Magic Dart        |    48 |     1 ||    49
       Searing Ray       |     6 |     1 ||     7
  Use: Scroll            |     4 |       ||     4
       Potion            |     1 |       ||     1
 Stab: Sleeping          |     1 |     2 ||     3
Armor: Robe              |     6 |    11 ||    17
       Leather armour    |     6 |       ||     6
       Ring mail         |     4 |     7 ||    11
Dodge: Dodged            |    44 |    22 ||    66
